 Dungeon Crawl Stone Soup version 0.31-a0-692-gf03d1854d5 (webtiles) character file.

Game seed: 10209097305201955624

61 qw the Shooter (level 4, 0/27 HPs)
             Began as a Gargoyle Hunter on Sept 6, 2023.
             Slain by a kobold
             ... wielding a +0 short sword
              (1 damage)
             ... on level 2 of the Dungeon.
             The game lasted 00:00:24 (1142 turns).

qw the Shooter (Gargoyle Hunter)                    Turns: 1142, Time: 00:00:25

Health: 0/27       AC:  6    Str: 14    XL:     4   Next: 7%
Magic:  4/4        EV: 11    Int: 10    God:
Gold:   53         SH:  5    Dex: 15    Spells: 3/3 levels left

rFire   . . .        Y - +0 shortbow
rCold   + . .        (shield currently unavailable)
rNeg    + + .        c - +0 leather armour
rPois   inf          (no helmet)
rElec   +            (no cloak)
rCorr   .            (no gloves)
SInv    .            (no boots)
Will    .....        h - amulet of reflection
Stlth   ++           d - ring of protection from cold
HPRegen 0.24/turn    g - ring of positive energy
MPRegen 0.09/turn

%: reflection
@: no status effects
A: sickness immunity, AC +3, negative energy resistance 1, electricity
resistance, torment resistance 1, petrification resistance
a: no special abilities


You were on level 2 of the Dungeon.
You visited 1 branch of the dungeon, and saw 2 of its levels.

You collected 53 gold pieces.


Innate Abilities, Weirdness & Mutations

You are immune to sickness and miasma.
Your stone body is resilient. (AC +3)
You are immune to poison.
You resist negative energy. (rN+)
You are resistant to electric shocks. (rElec)
You are resistant to unholy torment.
You are immune to petrification.


   Skills:
 + Level 2.8 Fighting
 - Level 5.2 Ranged Weapons
 - Level 1.5 Dodging
 - Level 1.1 Stealth


You had 3 spell levels left.
You didn't know any spells.
Your spell library was empty.

Inventory:

Hand Weapons
 Y - a +0 shortbow (weapon)
Armour
 c - a +0 leather armour (worn)
Jewellery
 d - a ring of protection from cold (left hand)
 g - a ring of positive energy (right hand)
 h - an amulet of reflection (around neck)
Scrolls
 a - a scroll of acquirement {unknown}
 b - a scroll of brand weapon {unknown}
 e - a scroll of blinking {unknown}
Potions
 f - a potion of mutation {unknown}

Dungeon Overview and Level Annotations

Branches:
Dungeon (2/15)

Altars:


Message History

You shoot an arrow. The arrow barely misses Natasha.
Natasha barely misses you. The kobold hits you but does no damage.
You shoot an arrow.
The arrow hits Natasha but does no damage.
Natasha is severely wounded.
Natasha mumbles some strange words.
Natasha's front paws start to glow.
You block Natasha's attack. The kobold misses you.
You shoot an arrow. The arrow closely misses Natasha.
Natasha claws you. The kobold closely misses you.
You shoot an arrow. The arrow hits Natasha.
Natasha is almost dead.
Natasha claws you. The kobold hits you but does no damage.
Natasha closely misses you.
You shoot an arrow. The arrow misses Natasha.
The kobold hits you with a +0 short sword.
Natasha casts a spell.
The kobold closely misses you.
You shoot an arrow. The arrow closely misses Natasha.
Natasha barely misses you. You block the kobold's attack.
The cerulean imp hits you from afar with a +2 spear.
You shoot an arrow. The arrow closely misses Natasha.
Natasha misses you. You block the kobold's attack.
The cerulean imp closely misses you.
You shoot an arrow. The arrow barely misses Natasha.
You block Natasha's attack.
An endoplasm comes into view.
The kobold barely misses you.
The cerulean imp hits you from afar with a +2 spear.
You shoot an arrow. The arrow closely misses Natasha.
The endoplasm quivers.
Natasha claws you but does no damage.
The kobold hits you with a +0 short sword.
The cerulean imp barely misses you.
You shoot an arrow. The arrow hits Natasha.
You kill Natasha!
Natasha screams in fury as she dies!
The cerulean imp disappears in a puff of smoke!
The kobold hits you with a +0 short sword.
You die...

#...# #...# #.J.#
#### #...# #### #...#
#...# #...#
....?##...##.....
......#..ยค#......
..)...'.K.'....!.
......#@..#.....
..... #...# ... #...
#...# . ##### #...#
#####
##...###...###...## #
##.....##...##.....##
#
#.......#...#.......#
#
#.......'...'....)..#
#
#.......#...#.......#
#


You could see an endoplasm and a kobold.

Vanquished Creatures
  Natasha (twice) (D:2)
  A worm (D:2)
  2 ball pythons
  2 bats (D:2)
  4 endoplasms
  A giant cockroach (D:1)
  2 goblins (D:2)
  6 hobgoblins
  6 kobolds
  A quokka (D:2)
  4 frilled lizards (D:1)
  A rat (D:2)
32 creatures vanquished.

Notes
Turn   | Place    | Note
-------+----------+-------------------------------------------
     0 | D:1      | qw the Gargoyle Hunter began the quest for the Orb.
     0 | D:1      | Reached XP level 1. HP: 12/12 MP: 1/1
     0 | D:1      | 0 ||| qw: Version: 0.3-a-76-g4403597
     0 | D:1      | 0 ||| qw: Game counter: 226
     0 | D:1      | 0 ||| qw: Melee chars always use a shield: true
     0 | D:1      | 0 ||| qw: God list: Okawaru
     0 | D:1      | 0 ||| qw: Allow faded altars: false
     0 | D:1      | 0 ||| qw: Do Orc after clearing Dungeon:15 true
     0 | D:1      | 0 ||| qw: Do second Lair branch before Depths: true
     0 | D:1      | 0 ||| qw: Lair rune preference: random
     0 | D:1      | 0 ||| qw: Goals: Normal
     0 | D:1      | 0 ||| PLANNING D:1-11
    59 | D:1      | Reached XP level 2. HP: 17/17 MP: 2/2
   743 | D:1      | 743 ||| UPGRADING to amulet of reflection.
   748 | D:1      | 748 ||| UPGRADING to ring of protection from cold.
   749 | D:1      | 749 ||| UPGRADING to ring of positive energy.
   750 | D:1      | 750 ||| READING scroll labelled OSAER VAWKALUN.
   754 | D:1      | 754 ||| DROPPING scroll of butterflies.
   781 | D:2      | Noticed Natasha
   790 | D:2      | Killed Natasha
   791 | D:2      | Reached skill level 5 in Ranged Weapons
   791 | D:2      | Reached XP level 3. HP: 11/21 MP: 3/3
  1054 | D:2      | Reached XP level 4. HP: 27/27 MP: 4/4
  1123 | D:2      | Noticed Natasha
  1125 | D:2      | 1125 ||| Stepping ~*~*~tactically~*~*~ (outnumbered).
  1138 | D:2      | HP: 3/27 [cerulean imp/+2 spear[Natasha] (4)]
  1141 | D:2      | HP: 1/27 [kobold/+0 short sword (2)]
  1142 | D:2      | Killed Natasha
  1142 | D:2      | Slain by a kobold

Levels and vault maps discovered:
D:1:      mushboom_english_gardens, layout_basic, hangedman_abyss_or_decor_stabs
D:2:      kennysheep_six_static_rooms, layout_basic,
          hellmonk_ecumenical_altar_heavens_door, uniq_crazy_yiuf_cottage,
          uniq_natasha

Skill      XL: |  1  2 |
---------------+-------+-----
Ranged Weapons | 5 |  5.2
Fighting       | |  2.8
Dodging        | |  1.5
Stealth        | |  1.1

Action                     |  1- 3 |  4- 6 || total
---------------------------+-------+-------++-------
   Fire: Shortbow          |    69 |    29 ||    98
    Use: Scroll            |     1 |       ||     1
 Armour: Leather armour    |    13 |    16 ||    29
  Dodge: Dodged            |     3 |    12 ||    15
  Block: Other             |     3 |     5 ||     8

Table legend:
 A = Non-vault XP
 B = Vault XP
 C = Vault XP percentage of total XP
 D = Non-vault monster count
 E = Vault monster count
 F = Vault count percentage of total count
                 A         B        C        D         E       F
            +---------+---------+-------+---------+---------+-------
      Total |      82 |      41 |  33.3 |      27 |       5 |  15.6
            +---------+---------+-------+---------+---------+-------
        D:1 |      28 |       0 |   0.0 |      17 |       0 |   0.0
        D:2 |      54 |      41 |  43.2 |      10 |       5 |  33.3
            +---------+---------+-------+---------+---------+-------
